 Dungeon Crawl Stone Soup version 0.31-a0-115-g4708a659fe (webtiles) character file.

Game seed: 16497561201799399166

11682 BlueFish the Prestidigitator (level 11, -18/94 HPs)
             Began as a Pale Draconian Artificer on May 29, 2023.
             Was a Priest of Vehumet.
             Demolished by a very large slime creature (23 damage)
             ... on level 11 of the Dungeon.
             The game lasted 00:23:32 (10190 turns).

BlueFish the Prestidigitator (DrAr)                Turns: 10190, Time: 00:23:32

Health: -18/94     AC: 18    Str: 15    XL:     11   Next: 52%
Magic:  14/18      EV: 16    Int: 15    God:    Vehumet [***...]
Gold:   698        SH:  0    Dex: 18    Spells: 18/19 levels left

rFire   . . .        o - +4 dagger (elec)
rCold   . . .        (no shield)
rNeg    . . .        (body armour unavailable)
rPois   .            (helmet restricted)
rElec   .            K - +0 cloak
rCorr   .            m - +2 pair of gloves
SInv    .            S - +2 pair of boots
Will    .....        z - amulet of faith
Stlth   ++++         i - +4 ring of protection
HPRegen 0.35/turn    v - +6 ring of dexterity
MPRegen 0.16/turn

%: faith
@: about to teleport, short of breath
A: breathe steam, AC +7, unfitting armour, cold-blooded, steam resistance
a: Breathe Steam, Renounce Religion


You were on level 11 of the Dungeon.
You worshipped Vehumet.
Vehumet was most pleased with you.
You visited 2 branches of the dungeon, and saw 12 of its levels.

You collected 698 gold pieces.

Inventory:

Hand Weapons
 a - a +0 club
 e - a +2 mace of protection
 o - a +4 dagger of electrocution (weapon)
Missiles
 C - a throwing net
Armour
 f - a scarf of invisibility
 m - a +2 pair of gloves (worn)
 u - a +0 kite shield
 K - a +0 cloak (worn)
 S - a +2 pair of boots (worn)
Jewellery
 i - a +4 ring of protection (left hand)
 v - a +6 ring of dexterity (right hand)
 x - a ring of fire
 z - an amulet of faith (around neck)
 G - an amulet of the acrobat
 I - a ring of wizardry
 N - a ring of positive energy
 P - a ring of protection from fire
 R - a ring of willpower
Wands
 b - a wand of flame (14)
 c - a wand of charming (28)
 d - a wand of iceblast (18)
 J - a wand of mindburst (11)
Scrolls
 g - 3 scrolls of butterflies
 j - 3 scrolls of vulnerability
 p - a scroll of teleportation
 q - 2 scrolls of poison
 w - 3 scrolls of enchant armour {unknown}
 y - 4 scrolls of identify {unknown}
 A - a scroll of acquirement {unknown}
 E - a scroll of amnesia {unknown}
 F - 3 scrolls of blinking {unknown}
 H - 2 scrolls of fear {unknown}
 L - a scroll of noise {unknown}
 M - a scroll of enchant weapon {unknown}
 Q - a scroll of magic mapping {unknown}
Potions
 h - 8 potions of heal wounds {unknown}
 k - 5 potions of brilliance {unknown}
 l - 4 potions of curing {unknown}
 n - 2 potions of invisibility {unknown}
 r - a potion of haste {unknown}
 s - 3 potions of enlightenment {unknown}
 t - a potion of attraction {unknown}
 B - a potion of berserk rage {unknown}
 D - a potion of mutation {unknown}
 O - 2 potions of magic {unknown}


   Skills:
 + Level 7.9 Fighting
 + Level 6.7 Short Blades
 + Level 6.8 Dodging
 + Level 7.0 Stealth
 + Level 4.9 Spellcasting
 + Level 4.3 Conjurations
 * Level 7.0 Air Magic
 + Level 8.4 Evocations


You had 18 spell levels left.
You knew the following spells:

 Your Spells              Type           Power      Damage    Failure   Level
a - Shock                 Conj/Air       80%        1d8       1%          1

Your spell library contained the following spells:

 Spells                   Type           Power      Damage    Failure   Level
 Inner Flame              Hex/Fire       3%         N/A       13%         3
 Summon Forest            Summ/Tloc      1%         N/A       99%         5
 Summon Mana Viper        Hex/Summ       3%         N/A       99%         5
 Summon Cactus Giant      Summ           1%         N/A       100%        6


Dungeon Overview and Level Annotations

Branches:
Dungeon (11/15)            Temple (1/1) D:6            Lair (0/5) D:11
    Orc: D:9-12

Altars:
Ashenzari
Cheibriados
Dithmenos
Elyvilon
Fedhas
Gozag
Hepliaklqana
Kikubaaqudgha
Makhleb
Nemelex Xobeh
Okawaru
Qazlal
Ru
Sif Muna
Trog
Uskayaw
Vehumet
Wu Jian
Xom
Yredelemnul
Zin
The Shining One


Innate Abilities, Weirdness & Mutations

You can breathe blasts of scalding, opaque steam.
Your pale cyan-grey scales are hard. (AC +7)
You cannot fit into any form of body armour.
You are cold-blooded and may be slowed by cold attacks.
You are immune to the effects of steam.


Message History

The very large slime creature is lightly wounded.
You hit the very large slime creature.
Your punch misses the very large slime creature.
The very large slime creature is moderately wounded.
You have got your breath back.
The very large slime creature closely misses you.
You barely miss the very large slime creature.
The very large slime creature is moderately wounded.
Aiming: Shock (safe; 1% risk of failure)
Press: ? - help, Q - select action, (/) - cycle Shift-Dir - straight line, f/p - very large slime creature
Aim: a very large slime creature (moderately wounded, 94% to hit)
The zap hits the very large slime creature.
The very large slime creature is moderately wounded.
The very large slime creature misses you.
Aiming: Breathe Steam (1% risk of failure)
Press: ? - help, Shift-Dir - straight line, f/p - very large slime creature
Aim: a very large slime creature (moderately wounded, 94% to hit)
You exhale a blast of scalding steam.
The ball of steam hits the very large slime creature!
The very large slime creature is moderately wounded.
The very large slime creature is engulfed in a cloud of scalding steam.
The very large slime creature completely misses you.
You hit the very large slime creature.
The very large slime creature is moderately wounded.
The very large slime creature is engulfed in a cloud of scalding steam.
The very large slime creature hits you!!!
You hit the very large slime creature.
You tail-slap the very large slime creature, but do no damage.
The very large slime creature is moderately wounded.
The very large slime creature is engulfed in a cloud of scalding steam.
The very large slime creature hits you!!!
* * * LOW HITPOINT WARNING * * *
You hit the very large slime creature.
You tail-slap the very large slime creature.
The very large slime creature is heavily wounded.
As you read the scroll of teleportation, it crumbles to dust.
You feel strangely unstable.
The very large slime creature is engulfed in a cloud of scalding steam.
The very large slime creature hits you!!
You die...

#....## ##...## #.#..##.##.#
#.....# ##'#####.#.....##.#
##...## #...(.#.#.###.##.# ##.##
#####.###.#.#.###.##.# #.#
#.....# #.#......^##.# #.#
#.##..###.###........# #.#
#.#.......# #####.####
####.#####.##....### #.#
#........#.###@#.#########.#
#.##.......# #J#...........#
#.######.### #§#############
#.######.# #§# #........# #.#
############ #.#
#........###.### #######
####.######.#.....# ####.....#
#....######.#.....#####....#....


You could see a very large slime creature.

Vanquished Creatures
  A two-headed ogre (D:11)
  A death yak (D:10)
  Urug (D:11)
  A cyclops (D:11)
  Maurice (D:8)
  An unseen horror (D:10)
  2 kobold demonologists
  A troll (D:11)
  2 hornets
  4 slime creatures
  21 yaks
  A shadow (D:11)
  A wraith (D:11)
  2 steam dragons (D:9)
  2 water moccasins (D:7)
  An acid dragon (D:8)
  2 ice beasts
  2 orc warriors
  3 black bears
  2 centaurs
  A phantom (D:4)
  2 bullfrogs
  A scorpion (D:6)
  4 wights
  5 killer bees (D:10)
  6 electric eels (D:6)
  2 howler monkeys (D:8)
  7 orc priests
  4 jellies
  2 gnoll boudas (D:5)
  5 hounds
  8 iguanas
  2 sleepcaps
  6 orc wizards
  A hell rat (D:11)
  15 gnolls
  9 adders
  2 river rats (D:11)
  3 shadow imps
  2 white imps (D:7)
  2 ufetubi (D:4)
  2 worms (D:2)
  3 dart slugs
  32 orcs
  9 ball pythons
  10 endoplasms
  7 giant cockroaches
  7 goblins
  8 hobgoblins
  4 jackals (D:1)
  8 kobolds
  4 quokkas
  7 bats
  7 frilled lizards
  9 rats
  A butterfly (D:6)
259 creatures vanquished.

Notes
Turn   | Place    | Note
-------+----------+-------------------------------------------
     0 | D:1      | BlueFish the Draconian Artificer began the quest for the
                  | Orb.
     0 | D:1      | Reached XP level 1. HP: 16/16 MP: 1/1
    20 | D:1      | Reached skill level 1 in Stealth
   114 | D:1      | Reached XP level 2. HP: 21/23 MP: 2/2
   430 | D:1      | Reached XP level 3. HP: 29/29 MP: 3/3
   993 | D:2      | Reached XP level 4. HP: 37/37 MP: 4/4
  1288 | D:2      | Identified the +5 sling "Cewiuppo" {drain, rN++ Str+2}
  1658 | D:3      | Reached skill level 1 in Short Blades
  1658 | D:3      | Reached XP level 5. HP: 41/44 MP: 5/5
  1909 | D:3      | Reached skill level 4 in Evocations
  2537 | D:4      | Reached XP level 6. HP: 51/51 MP: 6/6
  2825 | D:5      | Entered Level 5 of the Dungeon
  2839 | D:5      | Your scales start taking on a pale cyan-grey colour.
  2839 | D:5      | Reached skill level 5 in Evocations
  2839 | D:5      | Reached XP level 7. HP: 54/58 MP: 7/7
  2839 | D:5      | Gained mutation: You are immune to the effects of steam.
                  | [Pale Draconian growth]
  3478 | D:5      | Reached XP level 8. HP: 64/67 MP: 8/8
  3600 | D:6      | Found a staircase to the Ecumenical Temple.
  3609 | Temple   | Entered the Ecumenical Temple
  3674 | Temple   | Became a worshipper of Vehumet
  3797 | D:6      | Found an opulent altar of Gozag.
  3893 | D:6      | Reached skill level 5 in Fighting
  3893 | D:6      | Reached skill level 1 in Spellcasting
  3901 | D:6      | Reached skill level 6 in Evocations
  4058 | D:6      | Reached skill level 5 in Dodging
  4068 | D:6      | Noticed a kobold demonologist
  4079 | D:6      | Noticed a smoke demon
  4085 | D:6      | Killed a kobold demonologist
  4086 | D:6      | Reached skill level 5 in Stealth
  4176 | D:6      | Reached XP level 9. HP: 60/75 MP: 12/12
  4500 | D:6      | Reached * piety under Vehumet
  4500 | D:6      | Offered knowledge of Shock by Vehumet.
  4505 | D:6      | Learned a level 1 spell: Shock
  4735 | D:6      | Found a shimmering blue altar of Sif Muna.
  5006 | D:7      | Reached skill level 1 in Air Magic
  5187 | D:7      | Reached skill level 5 in Short Blades
  5192 | D:7      | Reached skill level 1 in Conjurations
  5594 | D:7      | Reached skill level 7 in Evocations
  5746 | D:8      | Noticed Maurice
  5758 | D:8      | Killed Maurice
  6049 | D:8      | Reached XP level 10. HP: 77/84 MP: 10/15
  6058 | D:8      | Offered knowledge of Poisonous Vapours by Vehumet.
  6166 | D:8      | Reached ** piety under Vehumet
  7120 | D:9      | You fall into a shaft and drop 1 floor!
  7120 | D:10     | Entered Level 10 of the Dungeon
  7120 | D:10     | Found a hide-covered altar of Uskayaw.
  7158 | D:10     | Found a glowing golden altar of the Shining One.
  7228 | D:9      | Reached skill level 5 in Air Magic
  7820 | D:10     | Found a sacrificial altar of Ru.
  7864 | D:10     | Offered knowledge of Hailstorm by Vehumet.
  7963 | D:10     | Found a snail-covered altar of Cheibriados.
  7978 | D:10     | Found a burning altar of Makhleb.
  8155 | D:10     | Reached *** piety under Vehumet
  8161 | D:10     | Found a sparkling altar of Nemelex Xobeh.
  8183 | D:10     | Identified the staff of cold "Duotaf" {rElec rC+ Str-5
                  | Dex+3 Stlth+}
  8240 | D:10     | Paralysed by a hornet for 3 turns
  8244 | D:10     | Reached skill level 8 in Evocations
  8531 | D:11     | Noticed a death yak
  8543 | D:11     | Noticed a death yak
  8545 | D:11     | Noticed a death yak
  8558 | D:10     | Killed a death yak
  8559 | D:10     | Reached XP level 11. HP: 12/92 MP: 17/17
  9163 | D:11     | Found a staircase to the Lair.
  9418 | D:11     | Noticed Urug
  9426 | D:11     | Noticed a two-headed ogre
  9493 | D:11     | Killed a two-headed ogre
  9600 | D:11     | Killed Urug
  9760 | D:11     | Offered knowledge of Inner Flame by Vehumet.
 10190 | D:11     | Demolished by a very large slime creature

Illustrated notes

Levels and vault maps discovered:
D:1:      dpeg_arrival_prison, layout_loops_ring
D:2:      layout_loops_ring
D:3:      layout_loops_ring
D:4:      layout_gridville, grunt_ministairs_10, st_stairs_2, chequers_garden
D:5:      kennysheep_spiral_hall, layout_cave_pools, guppyfry_early_lair_pool
D:6:      cheibrodos_two_vegetables, layout_basic,
          mainiacjoe_overflow_big_doors, minmay_temple_entry_butterflies
D:7:      layout_cave_pools
D:8:      layout_loops_ring, minmay_misc_feat_enclosed, uniq_maurice
D:9:      layout_loops_corners
D:10:     layout_rooms, mainiacjoe_overflow_24_doors, nicolae_ru_awakened_eye,
          cheibriados_altar_2, mainiacjoe_overflow_catwalk,
          grunt_temple_overflow_open
D:11:     layout_loops_corners, dpeg_lair_monsters,
          nicolae_dithmenos_the_darkroom, uniq_urug
Temple:   nicolae_temple_superstar

Skill      XL: |  1  2  3  4  5  6  7  8  9 10 11 |
---------------+----------------------------------+-----
Stealth        | 1 2 3 4 5 6 7 |  7.0
Fighting       | 2 3 4 5 6 7 |  7.9
Dodging        | 3 4 5 6 |  6.8
Short Blades   | 1 2 3 4 5 6 |  6.7
Evocations     | 4 5 6 7 8 |  8.4
Spellcasting   | 2 3 4 |  4.9
Air Magic      | 3 6 7 |  7.0
Conjurations   | 2 3 4 |  4.3

Action                     |  1- 3 |  4- 6 |  7- 9 | 10-12 || total
---------------------------+-------+-------+-------+-------++-------
  Melee: Mace              |    97 |       |       |       ||    97
         Tailslap          |    12 |    15 |    52 |    60 ||   139
         Punch             |     1 |     1 |     1 |     4 ||     7
         Dagger            |    10 |   138 |   247 |   310 ||   705
   Cast: Shock             |       |       |    53 |    36 ||    89
Ability: Breathe Steam     |       |       |    17 |    30 ||    47
  Evoke: Wand              |       |       |     1 |       ||     1
    Use: Scroll            |       |     2 |     2 |     2 ||     6
   Stab: Sleeping          |     7 |     7 |     7 |     3 ||    24
 Armour: Skin              |    44 |    48 |    91 |    96 ||   279
  Dodge: Dodged            |    75 |    60 |   156 |   158 ||   449

Table legend: (Time is in decaauts)
 A = Elapsed time spent in this place.
 B = Non-inter-level travel time spent in this place.
 C = Inter-level travel time spent in this place.
 D = Time resting spent in this place.
 E = Time spent auto-exploring this place.
 F = Levels seen in this place.
 G = Mean time per level.
                   A        B        C        D        E       F      G
               +--------+--------+--------+--------+--------+-----+--------+
         Total |  10098 |   9707 |    391 |    327 |   6947 |  12 |  841.5 |
       Dungeon |   9992 |   9619 |    373 |    327 |   6882 |  11 |  908.4 |
        Temple |    106 |     88 |     18 |      0 |     65 |   1 |  106.0 |
               +--------+--------+--------+--------+--------+-----+--------+

Top non-repeatable levels by time:
    D:11: 1331 daAuts
     D:6: 1293 daAuts
    D:10: 1179 daAuts
     D:9: 1088 daAuts
     D:8: 848 daAuts
     D:5: 757 daAuts
     D:2: 734 daAuts
     D:1: 728 daAuts
     D:4: 699 daAuts
     D:3: 697 daAuts
     D:7: 632 daAuts
  Temple: 106 daAuts
